[Event "Titled Tuesday Blitz March 01 Early 2022"]
[White "Gabdrakhmanov, Azat"]
[Black "Marzaduri, Riccardo"]
[WhiteFideId "34189197"]
[BlackFideId "886084"]
[WhiteElo "2279"]
[BlackElo "2200"]
[Result "0-1"]
[Round "01"]
[TimeControl "180+1"]
[Date "2022.03.01"]
[WhiteClock "0:00:19"]
[BlackClock "0:00:05"]

1. e4 e6 2. d4 d5 3. e5 c5 4. c3 Nc6 5. Nf3 Nge7 6. a3 Nf5 7. b4 cxd4 8. cxd4 Bd7 9. Be3 b5 10. Bd3 Nxe3 11. fxe3 a5 12. bxa5 Qxa5+ 13. Nbd2 Be7 14. O-O O-O 15. Qe2 Rab8 16. Kh1 f5 17. exf6 Bxf6 18. Rab1 Qxa3 19. Bxb5 Qd6 20. Bxc6 Bxc6 21. e4 Qd7 22. Rxb8 Rxb8 23. Re1 Bb5 24. Qe3 Re8 25. h3 Bc6 26. Rb1 h6 27. Rc1 Qb7 28. Nb3 dxe4 29. Nc5 Qa8 30. Ne5 Bxe5 31. dxe5 Bd5 32. Nd7 Qd8 33. Nb6 Qe7 34. Rd1 Rd8 35. Kg1 Qc7 36. Nxd5 exd5 37. Qd4 Qc6 38. Kh1 Qe6 39. Rb1 Kh7 40. Rb7 Rd7 41. Rb6 Qe7 42. e6 Rd6 43. Rb5 Qxe6 44. Rb7 Rd7 45. Rb6 Rd6 46. Rb8 Qg6 47. Rf8 Rf6 48. Qe5 Rxf8 49. Qxd5 Qf5 50. Qd2 Qf1+ 51. Kh2 Qf4+ 52. Qxf4 Rxf4 53. Kg3 Rf6 54. h4 e3 55. h5 e2 56. Kh4 e1=Q+ 57. g3 Qh1+ 58. Kg4 Qf3+ 59. Kh3 Qxh5+ 60. Kg2 Qd5+ 61. Kh3 Rg6 62. g4 Qf3+ 63. Kh4 Qxg4# 0-1


[Site "https://www.chess.com"]

[Event "Titled Tuesday Blitz March 01 Early 2022"]
[White "Garagulya, Konstantin"]
[Black "Vokhidov, Shamsiddin"]
[WhiteFideId "4128931"]
[BlackFideId "14204223"]
[WhiteElo "2329"]
[BlackElo "2611"]
[Result "0-1"]
[Round "01"]
[TimeControl "180+1"]
[Date "2022.03.01"]
[WhiteClock "0:00:07"]
[BlackClock "0:01:25"]

1. d4 Nf6 2. Nf3 d5 3. c4 e6 4. Bg5 Bb4+ 5. Nbd2 dxc4 6. Qa4+ Nc6 7. a3 Bxd2+ 8. Bxd2 Qd5 9. e4 Qxe4+ 10. Be3 O-O 11. Qxc4 Nd5 12. O-O-O Nxe3 13. fxe3 Qxe3+ 14. Kb1 e5 15. Re1 Qf4 16. dxe5 Bf5+ 17. Ka1 Qxc4 18. Bxc4 Rad8 19. e6 Bxe6 20. Bxe6 fxe6 21. Rxe6 Rd7 22. Rhe1 h6 23. h4 Nd4 24. Nxd4 Rxd4 25. g3 Rd3 26. Rg6 Rf6 27. Rxf6 gxf6 28. Re7 Rxg3 29. Rxc7 Rg7 30. Rc4 f5 31. Rf4 Rf7 32. Ka2 Kg7 33. Kb3 Kf6 34. Kc4 Ke5 35. Rf1 f4 36. Kd3 Rd7+ 37. Ke2 Ke4 38. Rc1 f3+ 39. Kf1 Rd2 40. Rc4+ Ke3 41. Rc3+ Kf4 42. Rb3 Kg3 43. Ke1 Re2+ 44. Kf1 Rc2 45. Ke1 Kg2 46. Kd1 Rc7 0-1


[Site "https://www.chess.com"]

[Event "Titled Tuesday Blitz March 01 Early 2022"]
[White "Garriga Cazorla, Pere"]
[Black "Pasti, Aron"]
[WhiteFideId "32011601"]
[BlackFideId "785857"]
[WhiteElo "2458"]
[BlackElo "2080"]
[Result "1-0"]
[Round "01"]
[TimeControl "180+1"]
[Date "2022.03.01"]
[WhiteClock "0:01:12"]
[BlackClock "0:00:09"]

1. d4 d5 2. c4 e6 3. Nc3 Nf6 4. cxd5 exd5 5. Bg5 Be7 6. e3 h6 7. Bh4 O-O 8. Bd3 Bg4 9. Qc2 Nbd7 10. h3 Bh5 11. g4 Bg6 12. Bxg6 fxg6 13. Qxg6 Re8 14. Nge2 Ne4 15. Bxe7 Qxe7 16. Nxd5 Qd8 17. Nef4 c6 18. Nh5 Re7 19. Nxe7+ Qxe7 20. O-O Rf8 21. Nf4 Ng5 22. Kg2 Rf6 23. Qd3 Qd6 24. f3 c5 25. Rad1 cxd4 26. Qxd4 Qxd4 27. Rxd4 Ne5 28. h4 Ngxf3 29. Rxf3 Nxf3 30. Kxf3 g5 31. hxg5 hxg5 32. Rd7 gxf4 33. exf4 Rb6 34. b3 Ra6 35. Rxb7 Rxa2 36. g5 Ra3 37. Kg4 a5 38. Kh5 a4 39. bxa4 Rxa4 40. f5 Ra5 41. Kg6 Ra6+ 42. f6 Kf8 43. Rb8# 1-0


[Site "https://www.chess.com"]

[Event "Titled Tuesday Blitz March 01 Early 2022"]
[White "Gatterer, Florian"]
[Black "Goryachkina, Aleksandra"]
[WhiteFideId "811688"]
[BlackFideId "4147103"]
[WhiteElo "2218"]
[BlackElo "2426"]
[Result "1/2-1/2"]
[Round "01"]
[TimeControl "180+1"]
[Date "2022.03.01"]
[WhiteClock "0:01:03"]
[BlackClock "0:00:54"]

1. b3 d5 2. Nf3 c6 3. Bb2 Bg4 4. g3 Nd7 5. Bg2 Ngf6 6. O-O e6 7. d3 Bd6 8. Nbd2 O-O 9. h3 Bh5 10. Re1 Re8 11. c4 Qe7 12. Qc2 a5 13. a3 Rac8 14. Bc3 b6 15. Qb2 e5 16. b4 d4 17. Bxd4 exd4 18. Nxd4 Be5 19. f4 Bxd4+ 20. Qxd4 axb4 21. axb4 Qxb4 22. Nf3 Bxf3 23. Bxf3 b5 24. Reb1 1/2-1/2


[Site "https://www.chess.com"]

[Event "Titled Tuesday Blitz March 01 Early 2022"]
[White "Gerbelli Neto, Eduardo"]
[Black "Janaszak, Dawid"]
[WhiteFideId "2103281"]
[BlackFideId "1119206"]
[WhiteElo "2178"]
[BlackElo "2199"]
[Result "0-1"]
[Round "01"]
[TimeControl "180+1"]
[Date "2022.03.01"]
[WhiteClock "0:00:17"]
[BlackClock "0:00:16"]

1. e4 c5 2. Nc3 Nc6 3. f4 g6 4. Nf3 Bg7 5. Bc4 e6 6. f5 Nge7 7. fxe6 fxe6 8. d3 O-O 9. O-O d5 10. Bb3 Na5 11. Bg5 Nxb3 12. axb3 d4 13. Na4 h6 14. Bxe7 Qxe7 15. Nb6 Rb8 16. Rxa7 Qd6 17. Nc4 Qf4 18. Qe1 b5 19. Ncd2 Rb7 20. Rxb7 Bxb7 21. Qg3 Qxg3 22. hxg3 Ra8 23. b4 cxb4 24. Nb3 e5 25. Nfd2 Rc8 26. Rc1 h5 27. Kf2 Bh6 28. Ke2 Rc7 29. Kd1 Bc8 30. Ra1 Bg4+ 31. Nf3 Be3 32. Ra5 Rb7 33. Ke2 g5 34. Nc5 Rf7 35. Rxb5 h4 36. gxh4 gxh4 37. Rb8+ Kg7 38. c3 bxc3 39. bxc3 h3 40. cxd4 Bxd4 41. Ne6+ Bxe6 42. gxh3 Bxh3 43. Nxd4 exd4 44. Rd8 Rd7 45. Rb8 Bg4+ 46. Kf2 Kf6 47. Kg3 Be2 48. Rb3 Ke5 49. Rb5+ Ke6 50. Rb3 Rf7 51. Rb4 Ke5 52. Rb5+ Ke6 53. Rb3 Rf3+ 54. Kg2 Rxd3 55. Rxd3 Bxd3 56. Kf3 Ke5 0-1


[Site "https://www.chess.com"]

[Event "Titled Tuesday Blitz March 01 Early 2022"]
[White "Goltsev, Dmitry"]
[Black "Rodchenkov, Vitaly"]
[WhiteFideId "24176710"]
[BlackFideId "4152964"]
[WhiteElo "2273"]
[BlackElo "2337"]
[Result "0-1"]
[Round "01"]
[TimeControl "180+1"]
[Date "2022.03.01"]
[WhiteClock "0:00:05"]
[BlackClock "0:00:17"]

1. e4 c5 2. Nf3 d6 3. d4 cxd4 4. Nxd4 Nf6 5. Nc3 a6 6. Qd3 Nbd7 7. Bf4 e5 8. Nf5 exf4 9. Nxd6+ Bxd6 10. Qxd6 Qe7 11. Qxf4 O-O 12. O-O-O Re8 13. f3 Ne5 14. g4 Ng6 15. Qe3 Qe5 16. Kb1 Be6 17. h4 Qf4 18. Qe2 Ne5 19. Bg2 Bc4 20. Qd2 Qxd2 21. Rxd2 Rad8 22. Rhd1 Nc6 23. b3 Be6 24. Na4 Rxd2 25. Rxd2 Rd8 26. Kc1 Kf8 27. Nc5 Bc8 28. a4 Ke7 29. Bf1 Rxd2 30. Kxd2 a5 31. Ke3 h6 32. Nd3 g5 33. hxg5 hxg5 34. Be2 Kd6 35. f4 Nxg4+ 36. Bxg4 Bxg4 37. fxg5 Nb4 38. Ne1 Be6 39. Kf4 b6 40. Ke3 Kc5 41. c3 Nc6 42. Nd3+ Kd6 43. Nc1 Ne5 44. Kf4 Ng6+ 45. Ke3 Ne5 46. Kf4 Nd7 47. b4 Ne5 48. Ke3 Nc4+ 49. Kd4 Nb2 50. e5+ Kc6 51. Ne2 Nxa4 52. Nf4 Kd7 53. g6 fxg6 54. Nxg6 axb4 55. cxb4 b5 56. Nf8+ Ke7 57. Ng6+ Kf7 58. Nf4 Bc4 59. Ng2 Ke6 60. Nf4+ Kd7 61. Ng2 Kc6 62. Nf4 Nb6 63. Ng6 Nd5 64. e6 Kd6 65. e7 Nxe7 66. Nf4 Nd5 67. Nh5 Nxb4 68. Ng3 Nc6+ 69. Kc3 Kd5 70. Nf5 b4+ 71. Kb2 Nd4 72. Ne3+ Kc5 73. Ng4 Bd5 74. Ne5 Nc6 75. Nd3+ Kc4 76. Ne1 Be4 77. Ka1 Nd4 78. Kb2 Nb5 79. Ka1 Kc3 80. Ka2 b3+ 81. Ka1 b2+ 82. Ka2 b1=Q# 0-1


[Site "https://www.chess.com"]

[Event "Titled Tuesday Blitz March 01 Early 2022"]
[White "Goltseva, Ekaterina"]
[Black "Ardila, Oscar Humberto"]
[WhiteFideId "24173770"]
[BlackFideId "4404742"]
[WhiteElo "2140"]
[BlackElo "1898"]
[Result "1-0"]
[Round "01"]
[TimeControl "180+1"]
[Date "2022.03.01"]
[WhiteClock "0:02:12"]
[BlackClock "0:01:44"]

1. d4 Nf6 2. c4 e6 3. Nc3 Bb4 4. e3 O-O 5. Bd2 b6 6. Nf3 Bb7 7. Bd3 d5 8. cxd5 exd5 9. Rc1 c6 10. Ne5 Nbd7 11. f4 Re8 12. O-O Rc8 13. Qf3 c5 14. Qh3 h6 15. Bf5 Bxc3 16. Bxc3 Rc7 17. Qg3 Ne4 18. Bxe4 dxe4 19. dxc5 Nxc5 20. Nc6 Ne6 21. Nxd8 Rxd8 22. f5 1-0


[Site "https://www.chess.com"]

[Event "Titled Tuesday Blitz March 01 Early 2022"]
[White "Golubenko, Valentina"]
[Black "Nazari, Arad"]
[WhiteFideId "4501993"]
[BlackFideId "12577324"]
[WhiteElo "2164"]
[BlackElo "2120"]
[Result "0-1"]
[Round "01"]
[TimeControl "180+1"]
[Date "2022.03.01"]
[WhiteClock "0:00:02"]
[BlackClock "0:00:22"]

1. d4 Nf6 2. g3 g6 3. Bg2 d5 4. Nf3 Bg7 5. O-O O-O 6. c4 Ne4 7. cxd5 Nd7 8. Nc3 Nxc3 9. bxc3 Nf6 10. c4 b5 11. Ne5 Bb7 12. e4 bxc4 13. Nxc4 e6 14. Rb1 Ba6 15. Qa4 Bxc4 16. Qxc4 exd5 17. exd5 Ne8 18. Bf4 Nd6 19. Qc5 Qd7 20. Rfc1 Rfc8 21. Rc2 Nf5 22. Be5 Bf8 23. Qc6 Qxc6 24. dxc6 Bd6 25. Bf6 Re8 26. g4 Re6 27. Bg5 Nxd4 28. Rd2 Ne2+ 29. Kf1 Rae8 30. f3 Bxh2 31. Rbb2 Nc3 32. Kf2 Bd6 33. Rbc2 Na4 34. Rc4 Nb6 35. Rcc2 Kg7 36. f4 f6 37. f5 gxf5 38. gxf5 Re5 39. Bh4 Rxf5+ 40. Kg1 Bf4 41. Re2 Be3+ 42. Kh2 Rh5 43. Kg3 Kf7 44. Bf3 Rh6 45. Bg4 Bd4 46. Rxe8 Kxe8 47. Re2+ Be5+ 48. Kh3 Kf7 49. Rf2 Nd5 50. Bf3 Nf4+ 51. Kg4 Ng6 52. Bd5+ Ke7 53. Bg3 Bxg3 54. Kxg3 Rh5 55. Rd2 Rg5+ 56. Kf3 h5 57. Be4 f5 58. Bc2 Kf6 59. Bb3 Ne5+ 60. Kf4 Rg4+ 61. Ke3 h4 62. Rd8 Re4+ 63. Kf2 Ng4+ 64. Kg2 Re2+ 65. Kh3 Rh2# 0-1


[Site "https://www.chess.com"]

[Event "Titled Tuesday Blitz March 01 Early 2022"]
[White "Golubev, Mikhail"]
[Black "Samarth, J Rao"]
[WhiteFideId "14100983"]
[BlackFideId "46652370"]
[WhiteElo "2374"]
[BlackElo "1514"]
[Result "1-0"]
[Round "01"]
[TimeControl "180+1"]
[Date "2022.03.01"]
[WhiteClock "0:01:06"]
[BlackClock "0:02:02"]

1. e4 c5 2. Nf3 g6 3. d4 cxd4 4. Nxd4 Bg7 5. Nc3 Nc6 6. Be3 Nf6 7. Nxc6 bxc6 8. e5 Ng8 9. Bd4 Nh6 10. e6 f6 11. exd7+ Bxd7 12. Bc4 Nf5 13. Bc5 Qa5 14. b4 Qa3 15. Ne4 O-O-O 16. Qe2 Nd6 17. O-O Nxc4 18. Qxc4 f5 19. b5 fxe4 20. Bxa3 1-0


[Site "https://www.chess.com"]

[Event "Titled Tuesday Blitz March 01 Early 2022"]
[White "Gormally, Daniel W"]
[Black "Jakubowska, Anna"]
[WhiteFideId "406465"]
[BlackFideId "1121952"]
[WhiteElo "2543"]
[BlackElo "1924"]
[Result "1-0"]
[Round "01"]
[TimeControl "180+1"]
[Date "2022.03.01"]
[WhiteClock "0:00:19"]
[BlackClock "0:00:13"]

1. Nf3 d5 2. c4 c6 3. b3 Nf6 4. Bb2 Bf5 5. e3 h6 6. Be2 e6 7. O-O Be7 8. Nc3 Nbd7 9. d3 O-O 10. Rc1 a5 11. Nd4 Bg6 12. f4 e5 13. fxe5 Nxe5 14. Nf5 Bxf5 15. Rxf5 Ng6 16. cxd5 cxd5 17. Qf1 Bc5 18. Nd1 Be7 19. g3 Qd6 20. Bf3 Qe6 21. Bg2 Rfd8 22. Bd4 a4 23. b4 Ne8 24. a3 Bf6 25. Bxf6 Nxf6 26. Rc7 Qb6 27. Rc5 Ne7 28. Rf4 Qe6 29. Qf2 Ng6 30. Rf5 Ne7 31. Rf4 Ng6 32. Rd4 b6 33. Rc2 Ng4 34. Qe2 Nf6 35. Nc3 h5 36. Nb5 Rac8 37. h3 Rxc2 38. Qxc2 Qxe3+ 39. Qf2 Qxf2+ 40. Kxf2 Ne5 41. Nc3 Nc6 42. Rf4 Ne7 43. Nxa4 Ra8 44. b5 g5 45. Rb4 d4 46. Bxa8 Kg7 47. Rxd4 1-0


[Site "https://www.chess.com"]

[Event "Titled Tuesday Blitz March 01 Early 2022"]
[White "Gracia Alvarez, Gerardo Antonio"]
[Black "Martinez Alcantara, Jose Eduardo"]
[WhiteFideId "5109124"]
[BlackFideId "3805662"]
[WhiteElo "2139"]
[BlackElo "2690"]
[Result "0-1"]
[Round "01"]
[TimeControl "180+1"]
[Date "2022.03.01"]
[WhiteClock "0:00:03"]
[BlackClock "0:00:18"]

1. c4 c5 2. Nc3 Nc6 3. g3 g6 4. Bg2 Bg7 5. e3 d6 6. Nge2 e6 7. O-O Nge7 8. d4 O-O 9. b3 cxd4 10. Nxd4 d5 11. cxd5 exd5 12. Bb2 Nxd4 13. exd4 Be6 14. Na4 b6 15. Rc1 Nf5 16. Qd3 Qd7 17. Rfd1 h5 18. h4 Rfe8 19. Bf3 Bf6 20. Bg2 Kg7 21. Qd2 Rac8 22. Qf4 Kg8 23. Nc3 Bg7 24. Qd2 Bh6 25. Qd3 Bxc1 26. Bxc1 f6 27. Bf4 Kg7 28. Nb5 a6 29. Nc3 b5 30. Ne2 Nd6 31. Bc1 Bf5 32. Qd2 Qf7 33. Qh6+ Kg8 34. Nf4 Ne4 35. g4 hxg4 36. h5 Qg7 37. Nxd5 Qxh6 38. Bxh6 Kf7 39. hxg6+ Bxg6 40. Be3 Bf5 41. Nf4 Nc3 42. Rc1 Be4 43. Bxe4 Nxe4 44. Re1 Ng5 45. Kg2 Rc2 46. Rf1 Rxe3 0-1


[Site "https://www.chess.com"]

[Event "Titled Tuesday Blitz March 01 Early 2022"]
[White "Grafil, Franz Robert"]
[Black "Kornyukov, Alexey"]
[WhiteFideId "5205298"]
[BlackFideId "4150457"]
[WhiteElo "2211"]
[BlackElo "2303"]
[Result "1-0"]
[Round "01"]
[TimeControl "180+1"]
[Date "2022.03.01"]
[WhiteClock "0:00:22"]
[BlackClock "0:01:40"]

1. d4 d5 2. c4 e6 3. Nf3 Be7 4. g3 Nf6 5. Bg2 O-O 6. O-O c5 7. cxd5 Nxd5 8. e4 Nf6 9. Nc3 cxd4 10. Nxd4 Bc5 11. Be3 Bxd4 12. Qxd4 Qxd4 13. Bxd4 Nc6 14. Bxf6 gxf6 15. Rfd1 b6 16. e5 Bb7 17. Rd7 Rab8 18. exf6 Rfd8 19. Rxb7 Rxb7 20. Bxc6 Rc7 21. Bf3 Rd2 22. Rd1 Rxd1+ 23. Bxd1 Rd7 24. Bh5 Rd2 25. b3 Rc2 26. Nb5 Rxa2 27. Nd6 Rb2 28. Bxf7+ Kf8 29. Bxe6 Rd2 30. Ne4 Re2 31. Ng5 Rxe6 32. Nxe6+ Kf7 33. Nc7 Kxf6 34. f4 Ke7 35. f5 a5 36. g4 Kd6 37. f6 Kd7 38. g5 Kd6 39. h4 b5 40. Nxb5+ Ke6 41. h5 h6 42. g6 Kxf6 43. Nd4 Kg7 44. Nc6 Kf6 45. Nxa5 Kg7 46. b4 Kf8 47. b5 Ke7 48. b6 Kd7 49. g7 Kd6 50. g8=Q Kc5 51. b7 1-0


[Site "https://www.chess.com"]

[Event "Titled Tuesday Blitz March 01 Early 2022"]
[White "Gubanov, Oleg"]
[Black "Arabidze, Meri"]
[WhiteFideId "14115115"]
[BlackFideId "13604040"]
[WhiteElo "2080"]
[BlackElo "2329"]
[Result "0-1"]
[Round "01"]
[TimeControl "180+1"]
[Date "2022.03.01"]
[WhiteClock "0:00:01"]
[BlackClock "0:00:21"]

1. e4 c5 2. Nf3 e6 3. c3 d5 4. exd5 exd5 5. d4 Nc6 6. Be3 c4 7. b3 cxb3 8. axb3 Nf6 9. Bd3 Bd6 10. h3 h6 11. O-O O-O 12. c4 Re8 13. Nc3 a6 14. Bb1 Nb4 15. c5 Bc7 16. Ra4 Nc6 17. Qc2 Bd7 18. Nxd5 Nxd5 19. Qh7+ Kf8 20. Qh8+ Ke7 21. Qxg7 Be6 22. Qxh6 Kd7 23. Ng5 Qf6 24. Qxf6 Nxf6 25. Nxe6 fxe6 26. g4 Nd5 27. Kg2 Rh8 28. Be4 Nce7 29. Raa1 Raf8 30. Bg5 Nc6 31. Bxd5 exd5 32. Rad1 Bf4 33. Bxf4 Rxf4 34. Kg3 Rhf8 35. f3 Nxd4 36. Rf2 Kc6 37. Rfd2 Rxf3+ 38. Kg2 Nxb3 39. Rxd5 Nxc5 40. Rd6+ Kc7 41. R6d5 b6 42. g5 Rf2+ 43. Kg3 R8f3+ 44. Kg4 Rf4+ 45. Kh5 Rg2 46. h4 Rgg4 47. g6 Rxh4+ 48. Kg5 Rhg4+ 49. Kh6 Rf6 50. Rg5 Rxg5 51. Kxg5 Ne4+ 52. Kh5 Rf2 53. g7 Rg2 54. Kh6 b5 55. Rd4 Nf6 56. Rf4 Rxg7 0-1


[Site "https://www.chess.com"]

[Event "Titled Tuesday Blitz March 01 Early 2022"]
[White "Guseva, Marina"]
[Black "Kezin, Roman"]
[WhiteFideId "4149351"]
[BlackFideId "24124621"]
[WhiteElo "2232"]
[BlackElo "2509"]
[Result "0-1"]
[Round "01"]
[TimeControl "180+1"]
[Date "2022.03.01"]
[WhiteClock "0:00:01"]
[BlackClock "0:00:05"]

1. d4 e6 2. Nf3 f5 3. g3 Nf6 4. Bg2 b6 5. O-O Bb7 6. c4 Be7 7. Nc3 O-O 8. d5 a5 9. Nd4 Qc8 10. b3 Na6 11. a3 g6 12. Bb2 e5 13. Ndb5 c6 14. dxc6 dxc6 15. Nd6 Qc7 16. Nxb7 Qxb7 17. Nb5 Rad8 18. Qc2 e4 19. Nd4 Nc7 20. Rad1 Rd7 21. e3 Rfd8 22. h3 c5 23. Ne2 Ne6 24. g4 fxg4 25. hxg4 Ng5 26. Ng3 Nf3+ 27. Bxf3 exf3 28. Rxd7 Qxd7 29. Bxf6 Bxf6 30. Qe4 Rf8 31. Qxf3 Bb2 32. Rd1 Qc7 33. Qd5+ Kh8 34. a4 Qe7 35. Kg2 Be5 36. f4 Bg7 37. Qe4 Qf6 38. Rd3 Qf7 39. g5 Re8 40. Qd5 Qe7 41. Kf3 Bf8 42. e4 Bg7 43. e5 Rf8 44. Kg4 h5+ 45. gxh6 Bxh6 46. Rf3 Rd8 47. Qc6 Kh7 0-1


[Site "https://www.chess.com"]

[Event "Titled Tuesday Blitz March 01 Early 2022"]
[White "Hamley, Ryan"]
[Black "Valle Maytin, Luis Enrique"]
[WhiteFideId "30959497"]
[BlackFideId "3503666"]
[WhiteElo "2537"]
[BlackElo "2052"]
[Result "1-0"]
[Round "01"]
[TimeControl "180+1"]
[Date "2022.03.01"]
[WhiteClock "0:02:03"]
[BlackClock "0:01:56"]

1. d4 Nf6 2. Nf3 e6 3. Bf4 c5 4. e3 Nc6 5. Nbd2 cxd4 6. exd4 d5 7. c3 Be7 8. Bd3 O-O 9. O-O Bd6 10. Bg3 a6 11. Re1 Qc7 12. Ne5 Nd7 13. f4 f6 14. Qh5 h6 15. Nxc6 bxc6 16. Qg6 Bxf4 17. Qh7+ Kf7 18. Bg6+ Ke7 19. Qxg7+ Kd8 20. Rxe6 Bxg3 21. Qe7# 1-0


[Site "https://www.chess.com"]

[Event "Titled Tuesday Blitz March 01 Early 2022"]
[White "Dronavalli, Harika"]
[Black "Kanyamarala, Trisha"]
[WhiteFideId "5015197"]
[BlackFideId "45004722"]
[WhiteElo "2382"]
[BlackElo "2002"]
[Result "0-1"]
[Round "01"]
[TimeControl "180+1"]
[Date "2022.03.01"]
[WhiteClock "0:01:21"]
[BlackClock "0:00:35"]

1. d4 Nf6 2. c4 e6 3. Nc3 Bb4 4. e3 O-O 5. Bd2 d5 6. Nf3 b6 7. Rc1 Bb7 8. cxd5 exd5 9. Bd3 Nbd7 10. Ne5 c5 11. O-O Nxe5 12. dxe5 Ne4 13. Be1 Nxc3 14. bxc3 Ba3 15. Rb1 c4 16. Bc2 Bc5 17. Qh5 g6 18. Qh3 Qe7 19. f4 f6 20. Bh4 Rae8 21. Rbe1 Qg7 22. Bxf6 Rxf6 23. exf6 Qxf6 24. Qg3 Qxc3 25. Bxg6 Rxe3 26. Bd3+ Rxg3+ 27. Kh1 cxd3 28. hxg3 d2 29. Rd1 Be3 30. f5 Ba6 31. Rf3 Be2 0-1


[Site "https://www.chess.com"]

[Event "Titled Tuesday Blitz March 01 Early 2022"]
[White "Harris, Ian"]
[Black "Yuan, Qingyu"]
[WhiteFideId "2020092"]
[BlackFideId "8609772"]
[WhiteElo "2361"]
[BlackElo "2359"]
[Result "0-1"]
[Round "01"]
[TimeControl "180+1"]
[Date "2022.03.01"]
[WhiteClock "0:00:21"]
[BlackClock "0:00:05"]

1. e4 c5 2. d4 cxd4 3. c3 dxc3 4. Nxc3 Nc6 5. Nf3 e6 6. Bc4 Bb4 7. O-O Nge7 8. Bg5 O-O 9. e5 Qa5 10. Ne4 Ng6 11. a3 Be7 12. b4 Qd8 13. Bxe7 Qxe7 14. Qd6 Ncxe5 15. Nxe5 Qxd6 16. Nxd6 Nxe5 17. Bb3 f6 18. Rac1 Nf7 19. Rfd1 a5 20. b5 a4 21. Ba2 b6 22. Rc7 Nxd6 23. Rxd6 Rb8 24. f4 Re8 25. Kf2 Kf8 26. g4 Re7 27. Rc4 Ra8 28. Rxb6 d5 29. Rb4 Rb7 30. Rxb7 Bxb7 31. Ke3 Ke7 32. Kd4 Kd6 33. Bb1 e5+ 34. fxe5+ fxe5+ 35. Ke3 d4+ 36. Kd2 Kc5 37. Bxh7 e4 38. Rb1 Rf8 39. Rc1+ Kd6 40. Ke2 e3 41. b6 Rf2+ 42. Ke1 Ba6 43. Kd1 d3 44. Bxd3 Bxd3 45. Rc3 Rf1# 0-1


[Site "https://www.chess.com"]

[Event "Titled Tuesday Blitz March 01 Early 2022"]
[White "Heinemann, Josefine"]
[Black "Kucuksari, Kaan"]
[WhiteFideId "12900460"]
[BlackFideId "6380166"]
[WhiteElo "2300"]
[BlackElo "2305"]
[Result "1/2-1/2"]
[Round "01"]
[TimeControl "180+1"]
[Date "2022.03.01"]
[WhiteClock "0:00:11"]
[BlackClock "0:00:06"]

1. Nf3 Nf6 2. g3 d5 3. Bg2 c6 4. O-O Bg4 5. d4 Nbd7 6. h3 Bxf3 7. Bxf3 e5 8. dxe5 Nxe5 9. Bg2 Bc5 10. b3 O-O 11. Bb2 Re8 12. Nd2 Qb6 13. Nf3 Nxf3+ 14. Bxf3 Ne4 15. Bxe4 Rxe4 16. Kg2 Rae8 17. e3 d4 18. exd4 Bxd4 19. Bxd4 Rxd4 20. Qf3 Rde4 21. Rad1 Qc7 22. Rd2 h6 23. Rfd1 R4e7 24. c4 a6 25. h4 b5 26. cxb5 cxb5 27. Rd6 a5 28. R1d2 a4 29. bxa4 bxa4 30. R6d4 Qa5 31. Qf4 a3 32. Qf3 Qc5 33. R4d3 Ra7 34. Rd8 Rf8 35. Rxf8+ Qxf8 36. Rd3 Ra8 37. h5 Qc8 38. Rc3 Qf8 39. Rc7 f6 40. Qd5+ Kh8 41. Rc3 Rd8 42. Qf3 Ra8 43. Rb3 Qg8 44. Rxa3 Rxa3 45. Qxa3 Qd5+ 46. Qf3 Qxa2 47. Qf5 Qa8+ 48. Qf3 Qxf3+ 49. Kxf3 g6 50. hxg6 Kg7 51. Kf4 Kxg6 52. Kg4 f5+ 53. Kh4 f4 54. gxf4 Kf5 55. Kg3 h5 56. Kh4 Kxf4 57. Kxh5 Kf3 58. Kg5 Kxf2 1/2-1/2


[Site "https://www.chess.com"]

[Event "Titled Tuesday Blitz March 01 Early 2022"]
[White "Hoffmann, Asa"]
[Black "Gutenev, Alexander"]
[WhiteFideId "2001470"]
[BlackFideId "4195540"]
[WhiteElo "2117"]
[BlackElo "2403"]
[Result "0-1"]
[Round "01"]
[TimeControl "180+1"]
[Date "2022.03.01"]
[WhiteClock "0:00:46"]
[BlackClock "0:01:41"]

1. d4 b5 2. e4 Bb7 3. Bd3 Nf6 4. Qe2 b4 5. Nd2 e6 6. Ngf3 Be7 7. O-O O-O 8. c4 bxc3 9. bxc3 c5 10. Rb1 Qc7 11. Ba3 d6 12. e5 Nd5 13. exd6 Bxd6 14. Qe4 g6 15. dxc5 Bf4 16. Nc4 Bc6 17. Nd4 Nxc3 18. Nxe6 Bxe4 19. Nxc7 Bxd3 20. Nxa8 Nxb1 21. Rd1 Bxc4 22. Rxb1 Nc6 23. g3 Be5 0-1


[Site "https://www.chess.com"]

[Event "Titled Tuesday Blitz March 01 Early 2022"]
[White "Horak, Martin"]
[Black "Mosadeghpour, Masoud"]
[WhiteFideId "367095"]
[BlackFideId "12519278"]
[WhiteElo "1997"]
[BlackElo "2395"]
[Result "0-1"]
[Round "01"]
[TimeControl "180+1"]
[Date "2022.03.01"]
[WhiteClock "0:00:17"]
[BlackClock "0:01:09"]

1. d4 Nf6 2. Bg5 d5 3. Bxf6 exf6 4. e3 Bd6 5. g3 O-O 6. Bg2 c6 7. Ne2 Nd7 8. O-O f5 9. b3 Nf6 10. c4 dxc4 11. bxc4 h5 12. h4 g6 13. Nbc3 Re8 14. Rb1 a6 15. a4 Ng4 16. Qd3 Kg7 17. Nf4 Bc7 18. Rb2 Ba5 19. Rfb1 Ne5 20. dxe5 Qxd3 21. Nxd3 Bxc3 22. Rxb7 Bxb7 23. Rxb7 Red8 24. Nf4 Rd1+ 25. Kh2 Bxe5 26. Bxc6 Rb8 27. Ra7 Bxf4 28. exf4 Rb2 29. Bd5 Rxf2+ 30. Kh3 Rdd2 31. g4 Rd3+ 0-1


[Site "https://www.chess.com"]

[Event "Titled Tuesday Blitz March 01 Early 2022"]
[White "Izoria, Zviad"]
[Black "Bambino Filho, Antonio Carlos"]
[WhiteFideId "13601733"]
[BlackFideId "2113163"]
[WhiteElo "2626"]
[BlackElo "2457"]
[Result "1/2-1/2"]
[Round "01"]
[TimeControl "180+1"]
[Date "2022.03.01"]
[WhiteClock "0:00:20"]
[BlackClock "0:00:04"]

1. d4 Nf6 2. Nf3 e6 3. c4 d5 4. g3 c5 5. cxd5 exd5 6. Bg2 Nc6 7. O-O Be7 8. dxc5 Bxc5 9. a3 a6 10. b4 Ba7 11. Nc3 Be6 12. Bg5 O-O 13. Bxf6 Qxf6 14. Nxd5 Bxd5 15. Qxd5 Rad8 16. Qb3 Rfe8 17. e3 Rd6 18. Rac1 Red8 19. Rfd1 h6 20. Rxd6 Rxd6 21. h4 Qd8 22. Bf1 Qf6 23. Be2 Ne5 24. Nxe5 Qxe5 25. Rc8+ Kh7 26. Qxf7 Bxe3 27. Kg2 Bxf2 28. Qxf2 Rd2 29. Kf1 Rxe2 30. Qxe2 Qf5+ 31. Kg2 Qxc8 32. Qe4+ Kh8 33. a4 Qd7 34. a5 Kg8 35. Kf3 Kf7 36. Kf4 Qd2+ 37. Kf3 Qd1+ 38. Kf4 Qd2+ 39. Kg4 Qd1+ 40. Qf3+ Qxf3+ 41. Kxf3 Ke6 42. Ke4 g6 43. g4 Kd6 44. Kd4 Kc6 45. Ke5 Kb5 46. Kf6 Kxb4 47. Kxg6 Kxa5 48. Kxh6 b5 49. g5 b4 50. g6 b3 51. g7 b2 52. g8=Q b1=Q 53. Qg5+ Ka4 54. h5 a5 55. Kg7 Qb7+ 56. Kg6 Qe4+ 57. Qf5 Qe8+ 58. Kg7 Qe7+ 59. Kg6 Qe8+ 60. Kg5 Qe7+ 61. Kg4 Qe2+ 62. Kh3 Qe3+ 63. Kh4 Qe1+ 64. Kg5 Qe7+ 65. Qf6 Qc5+ 66. Kg6 Qg1+ 67. Qg5 Qb6+ 68. Kh7 Qc7+ 69. Qg7 Qc2+ 70. Qg6 Qc7+ 71. Kh6 Kb4 72. Qg4+ Kb5 73. Qf5+ Kb4 74. Kg6 Qd6+ 75. Qf6 Qd3+ 76. Kg7 Qd7+ 77. Qf7 Qg4+ 78. Kh8 a4 79. h6 a3 80. h7 Qd4+ 81. Qg7 Qxg7+ 82. Kxg7 a2 83. h8=Q a1=Q+ 84. Kg8 Qxh8+ 85. Kxh8 1/2-1/2


[Site "https://www.chess.com"]

[Event "Titled Tuesday Blitz March 01 Early 2022"]
[White "Jarocka, Liwia"]
[Black "Rostovtsev, Dmitry"]
[WhiteFideId "21807558"]
[BlackFideId "34278320"]
[WhiteElo "1896"]
[BlackElo "2218"]
[Result "0-1"]
[Round "01"]
[TimeControl "180+1"]
[Date "2022.03.01"]
[WhiteClock "0:00:32"]
[BlackClock "0:00:22"]

1. f4 Nf6 2. Nf3 d5 3. g3 g6 4. Bg2 Bg7 5. O-O O-O 6. b3 Ne4 7. d4 c5 8. e3 Nc6 9. Bb2 Bf5 10. Nbd2 Rc8 11. Nxe4 Bxe4 12. Ne5 Bxg2 13. Kxg2 cxd4 14. exd4 e6 15. Rc1 Ne7 16. Qd3 Nf5 17. Rfd1 Nd6 18. Ba3 Re8 19. Bxd6 Qxd6 20. c4 dxc4 21. bxc4 Red8 22. Nf3 b6 23. Qe3 h6 24. h4 Qb4 25. Qb3 Qd6 26. Qb5 Qc6 27. a4 Qe4 28. Qb2 Rd7 29. Re1 Bxd4 30. Rxe4 Bxb2 31. Rc2 Bg7 32. h5 gxh5 33. Ne5 Rd1 34. a5 bxa5 35. c5 Rd5 36. c6 Rc7 37. Kh3 Kh7 38. Nd7 Rd6 39. Rec4 Kg6 40. Nb8 Bf6 41. Rc5 Bd4 42. Rxa5 Bb6 43. Ra4 Rc8 44. Nd7 Rxd7 45. cxd7 Rxc2 46. Rb4 Rd2 0-1


[Site "https://www.chess.com"]